 Dungeon Crawl Stone Soup version 0.24-a0-586-g8e0e932a4c (webtiles) character file.

Game seed: 2196134670608157386, levelgen mode: deterministic

525 MordorOrchid the Conjurer (level 7, -6/45 HPs)
             Began as an Octopode Fire Elementalist on Sept 8, 2019.
             Was an Initiate of Vehumet.
             Mangled by a yak (15 damage)
             ... on level 4 of the Dungeon.
             The game lasted 00:18:24 (3133 turns).

MordorOrchid the Conjurer (OpFE)                    Turns: 3133, Time: 00:18:25

Health: -6/45      AC:  2    Str:  7    XL:     7   Next: 22%
Magic:  3/12       EV: 14    Int: 19    God:    Vehumet [......]
Gold:   107        SH:  0    Dex: 13    Spells: 0/13 levels left

rFire    . . .     SeeInvis .   y - +0 dagger
rCold    . . .     Gourm    .   (no shield)
rNeg     . . .     Faith    .   c - +1 hat
rPois    .         Spirit   .   d - amulet of rage
rElec    .         Reflect  .   (no ring)
rCorr    .         Harm     .   (no ring)
MR       .....                  (no ring)
Stlth    +++.......             (no ring)
HPRegen  0.15/turn              (no ring)
MPRegen  0.13/turn              (no ring)
                                (no ring)
                                (no ring)

@: very slightly contaminated
A: almost no armour, stealthy swim, amphibious, 8 rings, constrict 8, camouflage
1, gelatinous body 1
a: Renounce Religion, Evoke Berserk Rage


You were on level 4 of the Dungeon.
You worshipped Vehumet.
Vehumet was noncommittal.
You were hungry.

You visited 2 branches of the dungeon, and saw 5 of its levels.

You collected 135 gold pieces.
You spent 28 gold pieces at shops.

Inventory:

Hand Weapons
 j - a +0 hunting sling
 y - a +0 dagger (weapon)
Missiles
 f - 29 poisoned darts (quivered)
 g - 129 stones
 m - 30 sling bullets
Armour
 c - a +1 hat (worn)
 l - a cursed +0 buckler
Jewellery
 d - an amulet of rage (around mantle)
Wands
 h - a wand of paralysis (5)
Scrolls
 a - a scroll of teleportation
 e - 2 scrolls of magic mapping
 n - a scroll of enchant armour {unknown}
 o - a scroll of remove curse {unknown}
 p - a scroll of fear
 r - a scroll of immolation
 t - a scroll of fog
Potions
 i - 2 potions of heal wounds {unknown}
 k - a potion of magic {unknown}
 q - 2 potions of curing
 s - 2 potions of haste {unknown}
Comestibles
 b - 7 rations


   Skills:
 - Level 2.0 Fighting
 + Level 3.1 Dodging
 - Level 3.0 Stealth
 * Level 2.3 Shields
 + Level 3.8 Spellcasting
 * Level 4.3 Conjurations
 * Level 1.4 Hexes
 * Level 3.0 Fire Magic


You couldn't memorise any spells.
You knew the following spells:

 Your Spells              Type           Power        Failure   Level  Hunger
a - Flame Tongue          Conj/Fire      ###..        3%          1    None
b - Throw Flame           Conj/Fire      ###...       4%          2    ##.....
c - Conjure Flame         Conj/Fire      ###.....     10%         3    ###....
d - Inner Flame           Hex/Fire       ##......     17%         3    ###....
e - Sticky Flame          Conj/Fire      ###.....     30%         4    ####...

Your spell library contained the following spells:

 Spells                   Type           Power        Failure   Level  Hunger
 Fireball                 Conj/Fire      ###.......   65%         5    ######.


Dungeon Overview and Level Annotations

Branches:
Dungeon (4/15)             Temple (1/1) D:4

Altars:
Ashenzari
Hepliaklqana
Kikubaaqudgha
Makhleb
Nemelex Xobeh
Okawaru
Ru
Sif Muna
Trog
Uskayaw
Vehumet
Wu Jian
Yredelemnul
Zin
The Shining One

Shops:
D:4 *


Innate Abilities, Weirdness & Mutations

You cannot wear most types of armour.
You are very stealthy in the water. (Stealth+)
You are amphibious.
You can wear up to eight rings at the same time.
You can use your tentacles to constrict eight enemies at once.
Your skin changes colour to match your surroundings (Stealth+).
Your rubbery body absorbs attacks. (AC +1, EV +1)


Message History

Casting: Flame Tongue (safe; 3% risk of failure)
Confirm with . or Enter, or press ? or * to list all spells.
Aiming: Flame Tongue (safe; 3% risk of failure)
Press: ? - help, Shift-Dir - straight line, f/p - yak
Aim: a yak (heavily wounded)
The flame tongue hits the yak but does no damage.
The yak is heavily wounded.
The yak gores you!
* * * LOW HITPOINT WARNING * * *
Evoke which item? (* to show all) (? for menu, Esc to quit)
Aiming: Paralyse
Press: ? - help, Shift-Dir - straight line, f/p - yak
Aim: a yak (heavily wounded, chance to defeat MR: 46%)
The yak resists with some effort.
The yak completely misses you.
Evoke which item? (* to show all) (? for menu, Esc to quit)
Aiming: Paralyse
Press: ? - help, Shift-Dir - straight line, f/p - yak
Aim: a yak (heavily wounded, chance to defeat MR: 46%)
The yak resists with some effort.
The yak gores you!
You die...

#.# ..# #..... Y
##### ..#.#####.
....# ....Y.... ....#
#.##.##.#
....####.##.##.#
..>.'..........#
....###..#.....####.#
....# #..#.....Y@...#
....# #..#.#..#####.#
....# #..###..#
#######.......# #
#........# ###
#.#......#
..####.########
#...##.# ..#.##.#


You could see a yak.

Vanquished Creatures
  2 ogres (D:4)
  A crimson imp (D:4)
  2 worker ants
  7 gnolls (D:4)
  11 adders
  2 worms (D:3)
  A dart slug (D:3)
  3 leopard geckos
  9 orcs
  5 giant cockroaches
  6 hobgoblins
  A jackal (D:1)
  6 kobolds
  6 quokkas
  10 bats
  9 frilled lizards
  11 goblins
  A leopard gecko skeleton (D:4)
  8 rats
  A spectral orc (D:3)
102 creatures vanquished.

Notes
Turn   | Place    | Note
-------+----------+-------------------------------------------
     0 | D:1      | MordorOrchid the Octopode Fire Elementalist began the quest
                  | for the Orb.
     0 | D:1      | Reached XP level 1. HP: 11/11 MP: 3/3
   179 | D:1      | Reached XP level 2. HP: 13/18 MP: 3/5
   183 | D:1      | Learned a level 2 spell: Throw Flame
   498 | D:1      | Reached skill level 1 in Fighting
   578 | D:1      | Reached XP level 3. HP: 22/23 MP: 1/6
   659 | D:1      | Learned a level 3 spell: Conjure Flame
   782 | D:2      | Reached skill level 2 in Conjurations
  1029 | D:2      | Reached XP level 4. HP: 28/28 MP: 7/7
  1367 | D:2      | Reached skill level 1 in Shields
  1493 | D:3      | Found a burning altar of Makhleb.
  1742 | D:3      | Reached XP level 5. HP: 32/34 MP: 5/8
  1747 | D:3      | Learned a level 3 spell: Inner Flame
  2174 | D:3      | Found a basalt altar of Yredelemnul.
  2341 | D:4      | Reached skill level 3 in Conjurations
  2388 | D:4      | Found a staircase to the Ecumenical Temple.
  2397 | D:4      | Reached XP level 6. HP: 39/39 MP: 4/10
  2421 | Temple   | Entered the Ecumenical Temple
  2543 | Temple   | Became a worshipper of Vehumet
  2609 | D:4      | Noticed a yak
  2702 | D:4      | Reached skill level 1 in Hexes
  2820 | D:4      | Found Ugoegg's General Store.
  2833 | D:4      | Bought a scroll of fog for 28 gold pieces
  2888 | D:4      | Reached skill level 4 in Conjurations
  2922 | D:4      | Reached XP level 7. HP: 45/45 MP: 1/12
  3056 | D:4      | Learned a level 4 spell: Sticky Flame
  3119 | D:4      | Noticed a yak
  3121 | D:4      | Noticed a yak
  3133 | D:4      | Mangled by a yak

Levels and vault maps discovered:
D:1:      dpeg_arrival_brainrot, layout_loops_ring, solitary_fountain
D:2:      layout_loops_corners, first_ration, kennysheep_big_empty_room,
          kennysheep_cluttered_room
D:3:      layout_basic, yredelemnul_forgotten_temple_becter,
          lemuel_crystal_altar, st_stairs_1
D:4:      layout_basic, minmay_temple_entry_sparse_star, serial_shops, shop
Temple:   nicolae_temple_figure_eight

Skill      XL: |  1  2  3  4  5  6 |
---------------+-------------------+-----
Stealth        | 3 |  3.0
Fighting       | 1 2 |  2.0
Conjurations   | 2 3 4 |  4.3
Shields        | 1 2 |  2.3
Spellcasting   | 3 |  3.8
Dodging        | 3 |  3.1
Hexes          | 1 |  1.4
Fire Magic     | |  3.0

Action                   |  1- 3 |  4- 6 |  7- 9 || total
-------------------------+-------+-------+-------++-------
Melee: Unarmed           |    13 |       |       ||    13
       Constrict         |    15 |     8 |       ||    23
       Dagger            |    40 |    57 |     1 ||    98
       Tentacles         |     7 |     5 |       ||    12
 Fire: Hunting sling     |       |    57 |     5 ||    62
Throw: Dart              |       |    10 |       ||    10
 Cast: Flame Tongue      |    29 |    57 |     8 ||    94
       Throw Flame       |       |     9 |     1 ||    10
       Conjure Flame     |       |     8 |       ||     8
Evoke: Wand              |       |       |     2 ||     2
  Use: Scroll            |     1 |     5 |       ||     6
 Stab: Sleeping          |    11 |    17 |       ||    28
  Eat: Chunk             |     1 |     7 |     1 ||     9
Armor: Skin              |     9 |     8 |     1 ||    18
Dodge: Dodged            |    37 |    53 |     7 ||    97

Table legend:
 A = Non-vault XP
 B = Vault XP
 C = Vault XP percentage of total XP
 D = Non-vault monster count
 E = Vault monster count
 F = Vault count percentage of total count
                 A         B        C        D         E       F
            +---------+---------+-------+---------+---------+-------
      Total |     740 |      10 |   1.3 |      98 |       4 |   3.9
            +---------+---------+-------+---------+---------+-------
        D:1 |      42 |       2 |   4.5 |      27 |       1 |   3.6
        D:2 |      87 |       0 |   0.0 |      25 |       0 |   0.0
        D:3 |     118 |       8 |   6.3 |      26 |       3 |  10.3
        D:4 |     460 |       0 |   0.0 |      19 |       0 |   0.0
     Temple |      33 |       0 |   0.0 |       1 |       0 |   0.0
            +---------+---------+-------+---------+---------+-------
